 Dungeon Crawl Stone Soup version 0.32-a0-747-gc8563f6773 (webtiles) character file.

Game seed: 4196727421844488544

8033 whatisthis the Grappler (level 11, -9/104 HPs)
             Began as a Ghoul Gladiator on Mar 17, 2024.
             Was a Follower of Ashenzari.
             Mangled by a two-headed ogre
             ... wielding a +0 giant club
              (25 damage)
             ... on level 9 of the Dungeon.
             The game lasted 00:23:38 (9080 turns).

whatisthis the Grappler (Ghoul Gladiator)           Turns: 9080, Time: 00:23:39

Health: -9/104     AC:  9    Str: 23    XL:     11   Next: 24%
Magic:  11/11      EV: 10    Int: 13    God:    Ashenzari [*.....]
Gold:   681        SH:  0    Dex: 10    Spells: 10/10 levels left

rFire   . .          .
                       - Unarmed
rCold   + . .        (no shield)
rNeg    + + +        w - +0 scale mail of the Restrained Fetters {Fort, Self} (curse)
rPois   ∞            b - +0 helmet of the Astrological Seer {Cun, Range} (curse)
rElec   .            (no cloak)
rCorr   .            (no gloves)
SInv    .            (no boots)
Will    .....        r - amulet of the acrobat Stlth
                     s - +6 ring of intelligence
HPRegen 0.00/turn    (no ring)
MPRegen 0.12/turn

%: acrobat
@: inhibited regen
A: claws 1, cold resistance 1, negative energy resistance 3, inhibited
regeneration, torment resistance 2, devour on kill
a: Renounce Religion, Curse Item, Shatter the Chains


You were on level 9 of the Dungeon.
You worshipped Ashenzari.
Ashenzari was aware of your devotion.
You visited 1 branch of the dungeon, and saw 9 of its levels.

You collected 681 gold pieces.

Inventory:

Hand Weapons
 u - a +1 whip of venom
Missiles
 c - 3 throwing nets
 d - a javelin
 k - 2 curare-tipped darts
 m - 28 poisoned darts (quivered)
 x - 6 boomerangs
Armour
 b - the cursed +0 helmet of the Astrological Seer (worn) {Cun, Range}

   It has a curse which improves the following skills: Cunning: Dodging and
   Stealth.
   Ranged Combat: Ranged Weapons and Throwing.
 w - the cursed +0 scale mail of the Restrained Fetters (worn) {Fort, Self}
   (You found it on level 4 of the Dungeon)

   It has a curse which improves the following skills: Fortitude: Armour and
   Shields.
   Introspection: Fighting and Spellcasting.
 z - a +4 scale mail of fire resistance
 E - a +0 pair of gloves
Jewellery
 r - an amulet of the acrobat (around neck)
 s - a +6 ring of intelligence (left claw)
Wands
 a - a wand of digging (5)
 q - a wand of flame (6)
 v - a wand of polymorph (8)
 F - a wand of paralysis (3)
Scrolls
 f - a scroll of amnesia
 h - 3 scrolls of revelation
 o - 2 scrolls of enchant armour
 p - a scroll of immolation
 t - 2 scrolls of silence
 y - 6 scrolls of identify
 A - 3 scrolls of blinking
 C - 2 scrolls of teleportation
 D - 2 scrolls of fog
Potions
 g - 2 potions of might
 i - a potion of ambrosia
 j - 4 potions of curing
 l - a potion of berserk rage
 n - a potion of lignification
 B - a potion of heal wounds


   Skills:
 + Level 11.4(12.1) Fighting
 - Level 1.7(2.3) Throwing
 + Level 8.5(9.3) Armour
 - Level 2.6(3.3) Dodging
 + Level 11.5 Unarmed Combat


You had 10 spell levels left.
You didn't know any spells.
Your spell library contained the following spells:

 Spells                   Type           Power      Damage    Failure   Level
 Apportation              Tloc           0%         N/A       56%         1
 Necrotise                Necr           0%         1d4       56%         1
 Slow                     Hex            0%         N/A       56%         1
 Sting                    Conj/Alch      0%         1d3       56%         1
 Summon Small Mammal      Summ           0%         N/A       56%         1
 Cigotuvi's Dreadful Rot  Necr/Alch/Air  0%         N/A       71%         2
 Scorch                   Fire           0%         2d5       71%         2
 Call Canine Familiar     Summ           0%         N/A       90%         3
 Confusing Touch          Hex            0%         N/A       90%         3
 Dazzling Flash           Conj/Hex       0%         N/A       90%         3
 Mephitic Cloud           Conj/Alch/Air  0%         N/A       90%         3
 Sigil of Binding         Hex            0%         N/A       90%         3
 Vampiric Draining        Necr           0%         2d6       90%         3
 Dimensional Bullseye     Hex/Tloc       0%         N/A       100%        4
 Dispel Undead            Necr           0%         3d6       100%        4
 Flame Wave               Conj/Fire      0%         2d4       100%        4
 Martyr's Knell           Necr/Summ      0%         N/A       100%        4
 Curse of Agony           Necr           0%         N/A       100%        5
 Silence                  Hex/Air        0%         N/A       100%        5
 Summon Cactus Giant      Summ           0%         N/A       100%        6


Dungeon Overview and Level Annotations

Branches:
Dungeon (9/15)             Temple (0/1) D:7            Lair (0/5) D:8
    Orc: D:9-12

Altars:
Ashenzari
Cheibriados
Fedhas
Qazlal
Ru
Wu Jian
Xom
Yredelemnul

Shops:
D:5 :


Innate Abilities, Weirdness & Mutations

You are immune to poison.
You have sharp fingernails.
Your flesh is cold resistant. (rC+)
You are immune to negative energy. (rN+++)
You do not regenerate when monsters are visible.
You are immune to unholy pain and torment.
You thrive by killing the living.


Message History

Throw: 29 darts (poison)
Press: ? - help, Q - select action, (/) - cycle Shift-Dir - straight line, f/p - two-headed ogre
Aim: a two-headed ogre, wielding a +0 giant club and a +0 giant spiked club (lightly wounded, poisoned, 76% to hit)
You throw a poisoned dart.
The poisoned dart hits the two-headed ogre.
The two-headed ogre looks even sicker.
The two-headed ogre is lightly wounded.
The centaur shouts!
You hear a shout!
You claw the two-headed ogre!
The two-headed ogre is moderately wounded.
The two-headed ogre barely misses you.
The two-headed ogre hits you with a +0 giant spiked club!!
You claw the two-headed ogre! Your claw misses the two-headed ogre.
The two-headed ogre is heavily wounded.
You scratch the two-headed ogre. You claw the two-headed ogre!
The two-headed ogre is severely wounded.
The two-headed ogre hits you with a +0 giant club!!
The two-headed ogre hits you with a +0 giant spiked club!!
You scratch the two-headed ogre.
The two-headed ogre is severely wounded.
You scratch the two-headed ogre but do no damage.
Your claw misses the two-headed ogre.
The two-headed ogre is severely wounded.
The centaur hits you.
* * * LOW HITPOINT WARNING * * *
The centaur kicks you.
* * * LOW HITPOINT WARNING * * *
The two-headed ogre hits you with a +0 giant club!
* * * LOW HITPOINT WARNING * * *
The two-headed ogre closely misses you.
Unknown command.
As you read the scroll of summoning, it crumbles to dust.
Wisps of shadow whirl around you...
The centaur hits you but does no damage.
The centaur barely misses you.
The centaur hits you but does no damage.
The centaur closely misses you.
The two-headed ogre hits you with a +0 giant club!!
You die...

# #.#.....~~........##.........
###.#......~)........#.........
..#.###............#.#.........
....# ######'###'###.'.........
..### #.#...# ###......... ..#
##'#.### #......... .~#
#####....#.######.####### ..#
#.....<....y............#
#.#####.##....F.@O((.##...###.#
#.<..).....#.....c.#.#....#
###)###.#..#######D#.#....##
).........................>#
###################..#.....##
#(#.#.###....# #O##....#...##
#y#)##........# #y#
###......#..#


You could see a two-headed ogre (poisoned, ally target), a hornet, a centaur
(ally target), a friendly acid dragon (summoned) and a friendly bullfrog
(summoned).

Vanquished Creatures
  A two-headed ogre (D:9)
  Pikel (D:6)
  2 komodo dragons (D:8)
  A troll (D:9)
  Grinder (D:5)
  Sigmund (D:2)
  3 wyverns (D:9)
  A wraith (D:9)
  7 yaks
  A steam dragon (D:7)
  Edmund (D:6)
  A water moccasin (D:9)
  Menkaure (D:5)
  An acid dragon (D:8)
  4 orc warriors
  A black bear (D:5)
  An ice beast (D:6)
  2 sky beasts
  3 ogres
  A boggart (D:9)
  4 centaurs
  2 phantoms
  3 kobold brigands
  4 bullfrogs
  A scorpion (D:4)
  A wight (D:9)
  8 killer bees
  5 howler monkeys
  3 hounds (D:5)
  5 orc priests
  A bombardier beetle (D:6)
  4 jellies
  3 iguanas
  11 orc wizards
  Robin (D:2)
  8 gnolls
  11 adders
  4 river rats (D:5)
  A shadow imp (D:7)
  A ribbon worm (D:2)
  2 dart slugs
  37 orcs
  A bat (D:1)
  2 endoplasms
  3 giant cockroaches
  15 goblins
  10 hobgoblins
  2 jackals (D:1)
  14 kobolds
  3 quokkas
  6 ball pythons
  5 frilled lizards
  5 rats
221 creatures vanquished.

Notes
Turn   | Place    | Note
-------+----------+-------------------------------------------
     0 | D:1      | whatisthis the Ghoul Gladiator began the quest for the Orb.
     0 | D:1      | Reached XP level 1. HP: 17/17 MP: 1/1
   229 | D:1      | Reached XP level 2. HP: 20/25 MP: 2/2
   282 | D:1      | Found a faded altar of an unknown god.
   910 | D:2      | Reached XP level 3. HP: 26/30 MP: 3/3
   935 | D:2      | Noticed Robin
  1145 | D:2      | Noticed Sigmund
  1155 | D:2      | Killed Sigmund
  1156 | D:2      | Reached skill level 5 in Unarmed Combat
  1156 | D:2      | Reached XP level 4. HP: 31/41 MP: 4/4
  1156 | D:2      | Reached XP level 5. HP: 35/47 MP: 5/5
  1533 | D:2      | Found a shimmering altar of Xom.
  1613 | D:2      | Reached XP level 6. HP: 53/53 MP: 6/6
  1754 | D:2      | Identified the staff "Zutwais" {Conj Earth}
  1777 | D:2      | Killed Robin
  1897 | D:3      | Reached skill level 1 in Armour
  1918 | D:3      | Found a snail-covered altar of Cheibriados.
  1933 | D:3      | Reached skill level 5 in Fighting
  2567 | D:3      | Found a basalt altar of Yredelemnul.
  2567 | D:3      | Found a broken altar of Ashenzari.
  2581 | D:3      | Became a worshipper of Ashenzari the Shackled
  2676 | D:3      | Found a blossoming altar of Fedhas.
  3016 | D:4      | Found Ramak's Assorted Antiques.
  3291 | D:4      | Reached XP level 7. HP: 60/61 MP: 7/7
  3346 | D:4      | Found an ornate altar of the Wu Jian Council.
  3763 | D:5      | Entered Level 5 of the Dungeon
  3793 | D:5      | Noticed Grinder
  3816 | D:5      | Killed Grinder
  3887 | D:5      | Noticed Menkaure
  3894 | D:5      | Killed Menkaure
  3895 | D:5      | Reached XP level 8. HP: 71/71 MP: 8/8
  4229 | D:5      | Found a basalt altar of Yredelemnul.
  4286 | D:5      | Reached * piety under Ashenzari
  4988 | D:5      | Found Pacwoul's Book Boutique.
  5282 | D:6      | Reached skill level 5 in Armour
  5282 | D:6      | Reached XP level 9. HP: 73/82 MP: 9/9
  5333 | D:6      | Noticed Pikel
  5345 | D:6      | Killed Pikel
  5451 | D:6      | Noticed Edmund
  5465 | D:6      | Killed Edmund
  6294 | D:7      | Found a staircase to the Ecumenical Temple.
  6436 | D:7      | Reached XP level 10. HP: 76/93 MP: 10/10
  7040 | D:8      | Reached skill level 10 in Unarmed Combat
  7324 | D:8      | Found a staircase to the Lair.
  7343 | D:8      | Reached skill level 10 in Fighting
  7727 | D:8      | Found a sacrificial altar of Ru.
  8035 | D:9      | Noticed a two-headed ogre
  8120 | D:9      | Found a stormy altar of Qazlal.
  8329 | D:9      | Identified the +1 rapier "Pazeot" {flame, rPois Str-3
                  | Int+5}
  8382 | D:9      | Paralysed by a kobold brigand for 3 turns
  8389 | D:9      | Paralysed by a kobold brigand for 2 turns
  8394 | D:9      | Paralysed by a kobold brigand for 2 turns
  8482 | D:9      | Reached XP level 11. HP: 104/104 MP: 11/11
  8736 | D:9      | Killed a two-headed ogre
  9071 | D:9      | Noticed a two-headed ogre
  9080 | D:9      | Mangled by a two-headed ogre

Illustrated notes

Levels and vault maps discovered:
D:1:      lemuel_arrival_behind_the_door_small, layout_loops_corners,
          nicolae_ecumenical_snake_handling
D:2:      layout_basic, basic_altar, mrwooster_statue_mirror, uniq_robin,
          uniq_sigmund
D:3:      layout_loops_ring, overflow_temple_1_default,
          gammafunk_temple_overflow_pools, fedhas_altar_1
D:4:      layout_loops_ring, lemuel_coloured_pillars_altar,
          mainiacjoe_overflow_surrounded_room, serial_shops, nicolae_square_shop
D:5:      wad_woods_stonehenge, layout_basic, serial_shops, shop, uniq_menkaure,
          uniq_grinder
D:6:      layout_basic, uniq_edmund, uniq_pikel
D:7:      layout_loops_ring, minmay_temple_entry_antechambers
D:8:      layout_basic, mainiacjoe_overflow_alcove_2, david_lair_shrubbed,
          minmay_lizard_king
D:9:      minmay_imperfect_grid, layout_basic, nicolae_qazlal_general_emergency,
          serial_rivers, chequers_serial_rivers_micro_c,
          chequers_serial_rivers_room_a, chequers_serial_rivers_small_3,
          chequers_serial_rivers_micro_c, minmay_orc_keep

Skill      XL: |  1  2  3  4  5  6  7  8  9 10 11 |
---------------+----------------------------------+-----
Fighting       | 4 5 6 7 9 10 11 | 11.4
Unarmed Combat | 5 6 8 9 11 | 11.5
Armour         | 2 3 5 6 8 |  8.5
Throwing       | |  1.7
Dodging        | |  2.6

Action                     |  1- 3 |  4- 6 |  7- 9 | 10-12 || total
---------------------------+-------+-------+-------+-------++-------
  Melee: Unarmed           |   100 |   146 |   253 |   275 ||   774
         Punch             |     2 |     3 |    10 |    20 ||    35
  Throw: Throwing net      |     3 |       |     1 |     1 ||     5
         Dart              |       |     8 |    42 |     5 ||    55
         Boomerang         |       |       |       |     2 ||     2
 Invoke: Curse Item        |       |     1 |     1 |       ||     2
  Evoke: Wand              |       |       |     9 |       ||     9
    Use: Scroll            |       |       |     2 |     1 ||     3
   Stab: Held in net/web   |     1 |       |       |     3 ||     4
 Armour: Leather armour    |    61 |    67 |       |       ||   128
         Ring mail         |       |     6 |    31 |       ||    37
         Scale mail        |       |       |   108 |   152 ||   260
         Skin              |       |       |     1 |       ||     1
  Dodge: Dodged            |    57 |    77 |   116 |   141 ||   391

Table legend: (Time is in decaauts)
 A = Elapsed time spent in this place.
 B = Non-inter-level travel time spent in this place.
 C = Inter-level travel time spent in this place.
 D = Time resting spent in this place.
 E = Time spent auto-exploring this place.
 F = Levels seen in this place.
 G = Mean time per level.
                   A        B        C        D        E       F      G
               +--------+--------+--------+--------+--------+-----+--------+
         Total |   8965 |   8712 |    253 |   1345 |   4878 |   9 |  996.1 |
       Dungeon |   8965 |   8712 |    253 |   1345 |   4878 |   9 |  996.1 |
               +--------+--------+--------+--------+--------+-----+--------+

Top non-repeatable levels by time:
     D:8: 1298 daAuts
     D:5: 1241 daAuts
     D:3: 1078 daAuts
     D:4: 948 daAuts
     D:2: 937 daAuts
     D:1: 923 daAuts
     D:9: 900 daAuts
     D:7: 820 daAuts
     D:6: 816 daAuts
